 Dungeon Crawl Stone Soup version 0.19.5 (webtiles) character file.

162 MovingMist the Shield-Bearer (level 5, -3/33 HPs)
             Began as a Gargoyle Fighter on Apr 6, 2017.
             Killed by divine providence
             ... invoked by an orc priest
              (11 damage)
             ... on level 3 of the Dungeon.
             The game lasted 00:05:03 (1770 turns).

MovingMist the Shield-Bearer (Gargoyle Fighter)     Turns: 1770, Time: 00:05:05

Health: -3/33      AC: 15    Str: 24    XL:     5   Next: 43%
Magic:  5/5        EV:  8    Int:  9    God:
Gold:   116        SH: 10    Dex: 10    Spells: 0 memorised, 4 levels left

rFire  . . .     SeeInvis .     a - +0 flail
rCold  . . .     Gourm    .     b - +0 scale mail
rNeg   + + .     Faith    .     c - +0 shield
rPois  ∞         Spirit   .     (no helmet)
rElec  +         Reflect  .     w - +1 cloak {+Inv}
rCorr  .         Harm     .     (no gloves)
MR     .....                    (no boots)
Stlth  ..........               (no amulet)
                                q - ring of positive energy
                                r - +2 ring of protection

@: mighty
A: negative energy resistance 1, electricity resistance, unbreathing,
petrification resistance, rot immunity, AC +4
a: Evoke Invisibility


You were on level 3 of the Dungeon.
You were not hungry.

You visited 1 branch of the dungeon, and saw 3 of its levels.

You collected 116 gold pieces.

Inventory:

Hand Weapons
 a - a +0 flail (weapon)
Armour
 b - a +0 scale mail (worn)
 c - a +0 shield (worn)
 w - a +1 cloak of invisibility (worn)
Jewellery
 j - an uncursed ring of fire
 q - a ring of positive energy (right hand)
 r - a +2 ring of protection (left hand)
Scrolls
 h - a scroll of enchant weapon {unknown}
 l - a scroll of noise {unknown}
 n - 2 scrolls of blinking {unknown}
 s - a scroll of identify {unknown}
 u - a scroll of remove curse {unknown}
 v - 2 scrolls of teleportation {unknown}
 x - a scroll of immolation {unknown}
Potions
 e - a potion of berserk rage {unknown}
 o - a potion of cure mutation {unknown}
 t - 2 potions of heal wounds {unknown}
Comestibles
 f - 3 bread rations
 g - 2 chunks of flesh
 k - a beef jerky
 m - a slice of pizza
 p - 2 royal jellies


   Skills:
 + Level 4.1 Fighting
 + Level 3.1 Maces & Flails
 - Level 3.2 Armour
 * Level 2.1 Dodging
 + Level 4.2 Shields


You had 4 spell levels left.
You didn't know any spells.

Dungeon Overview and Level Annotations

Branches:
Dungeon (3/15)

Altars:


Innate Abilities, Weirdness & Mutations

You are resistant to torment.
Your stone body is resilient. (AC +4)
You are immune to poison.
You resist negative energy. (rN+)
You are resistant to electric shocks. (rElec)
You can survive without breathing.
You are immune to petrification.
You are immune to rotting.


Message History

A leopard gecko comes into view.
You sock the orc wizard!
The orc wizard is severely wounded.
The adder bites you but does no damage.
The leopard gecko moves out of view.
The adder completely misses you.
The orc wizard mumbles some strange words.
The orc wizard seems to speed up.
It was a potion of curing.
You feel better.
The orc wizard gestures at you while chanting.
The magic dart hits you! The adder barely misses you.
You feel better. The orc wizard closely misses you.
You block the adder's attack. The orc wizard hits you with a dagger.
The adder bites you but does no damage.
You feel very mighty all of a sudden.
The orc wizard gestures at you while chanting.
The magic dart hits you!
* * * LOW HITPOINT WARNING * * *
The orc priest invokes the aid of Beogh against you.
Beogh smites you!
You die...

#...............#
#...............##.#
#................#.#
.########...##..#$..## ≈
........................
######.##.......##.....
##..###.l...........
#.o###oo#....##.....
#..@Sgo#.g..........
#..#####...o........
#.## #g#o#........ ##
...#...##..##.
...#.##.... .#
.......###....".. ..S.
#.. ...... .. .g.. ..
#....# # ... ## .....#


You could see 2 orc priests, an orc wizard, a gnoll, an adder, an orc and a
leopard gecko.

Vanquished Creatures
  Crazy Yiuf (D:2)
  Jessica (D:2)
  4 gnolls
  An adder (D:2)
  A worm (D:2)
  2 dart slugs
  A leopard gecko (D:3)
  An orc (D:2)
  5 bats
  6 giant cockroaches
  8 goblins
  5 hobgoblins
  A ball python (D:1)
  5 frilled lizards
  5 kobolds
  9 rats
56 creatures vanquished.

Notes
Turn   | Place    | Note
-------+----------+-------------------------------------------
     0 | D:1      | MovingMist the Gargoyle Fighter began the quest for the Orb.
     0 | D:1      | Reached XP level 1. HP: 14/14 MP: 1/1
    79 | D:1      | Reached XP level 2. HP: 15/19 MP: 2/2
   211 | D:1      | Reached skill level 1 in Dodging
   391 | D:1      | Reached XP level 3. HP: 16/23 MP: 3/3
   869 | D:2      | Noticed Jessica
   887 | D:2      | Killed Jessica
   887 | D:2      | Reached XP level 4. HP: 21/29 MP: 4/4
  1252 | D:2      | Found a runed door.
  1344 | D:2      | Noticed Crazy Yiuf
  1351 | D:2      | Killed Crazy Yiuf
  1351 | D:2      | Reached XP level 5. HP: 7/33 MP: 5/5
  1770 | D:3      | Killed from afar by an orc priest

Skill      XL: |  1  2  3  4  5 |
---------------+----------------+-----
Dodging        | 1 2 |  2.1
Shields        | 4 |  4.2
Fighting       | 4 |  4.1
Maces & Flails | 3 |  3.1
Armour         | |  3.2

Action                   |  1- 3 |  4- 6 || total
-------------------------+-------+-------++-------
Melee: Flail             |   133 |    74 ||   207
  Use: Potion            |       |     3 ||     3
  Eat: Chunk             |       |     3 ||     3
Armor: Scale mail        |    81 |    29 ||   110
Dodge: Dodged            |    38 |    22 ||    60
Block: Shield            |    53 |    31 ||    84
